 Dungeon Crawl Stone Soup version 0.26-a0-58-g79b31b8 (webtiles) character file.

Game seed: 17581088067343154622

246 pichaelthompson the Shield-Bearer (level 6, 0/53 HPs)
             Began as a Gnoll Fighter on June 8, 2020.
             Slain by a killer bee (4 damage)
             ... on level 3 of the Dungeon.
             The game lasted 00:03:45 (2110 turns).

pichaelthompson the Shield-Bearer (Gnoll Fighter)   Turns: 2110, Time: 00:03:46

Health: 0/53       AC:  9    Str: 18    XL:     6   Next: 11%
Magic:  8/8        EV: 11    Int: 10    God:
Gold:   142        SH: 15    Dex: 17    Spells: 8/8 levels left

rFire    . . .     SeeInvis .   a - +0 war axe
rCold    . . .     Gourm    .   b - +0 tower shield
rNeg     . . .     Faith    .   q - +0 scale mail (curse)
rPois    +         Spirit   .   (no helmet)
rElec    .         Reflect  .   (no cloak)
rCorr    .         Harm     .   h - +0 pair of gloves
MR       .....                  (no boots)
Stlth    +.........             (no amulet)
HPRegen  0.17/turn              n - ring of poison resistance
MPRegen  0.11/turn              s - +4 ring of evasion

@: lethally poisoned (0 -> -6)
A: distributed training, fangs 1, strong nose
a: no special abilities


You were on level 3 of the Dungeon.
You were very hungry.

You visited 1 branch of the dungeon, and saw 4 of its levels.

You collected 142 gold pieces.

Inventory:

Hand Weapons
 a - a +0 war axe (weapon)
Armour
 b - a +0 tower shield (worn)
 c - a +0 kite shield
 h - a +0 pair of gloves (worn)
 q - a cursed +0 scale mail (worn)
Jewellery
 n - a ring of poison resistance (left hand)
 s - a +4 ring of evasion (right hand)
Scrolls
 g - a scroll of enchant armour {unknown}
 i - 3 scrolls of identify {unknown}
 j - 2 scrolls of teleportation {unknown}
 l - a scroll of enchant weapon {unknown}
 m - a scroll of remove curse {unknown}
 o - a scroll of amnesia {unknown}
 p - a scroll of fog {unknown}
Potions
 d - a potion of might
 k - a potion of curing {unknown}
 r - a potion of invisibility {unknown}
Comestibles
 f - 7 rations


   Skills:
 + Level 6.7 Fighting
 + Level 1.7 Short Blades
 + Level 1.7 Long Blades
 + Level 4.9 Axes
 + Level 1.7 Maces & Flails
 + Level 1.7 Polearms
 + Level 1.7 Staves
 + Level 1.7 Slings
 + Level 1.7 Bows
 + Level 1.7 Crossbows
 + Level 1.7 Throwing
 + Level 6.7 Armour
 + Level 1.7 Dodging
 + Level 1.7 Stealth
 + Level 6.7 Shields
 + Level 1.7 Unarmed Combat
 + Level 1.7 Spellcasting
 + Level 1.3 Conjurations
 + Level 1.3 Hexes
 + Level 1.3 Charms
 + Level 1.3 Summonings
 + Level 1.3 Necromancy
 + Level 1.3 Translocations
 + Level 1.3 Transmutations
 + Level 1.3 Fire Magic
 + Level 1.3 Ice Magic
 + Level 1.3 Air Magic
 + Level 1.3 Earth Magic
 + Level 1.3 Poison Magic
 + Level 2.0 Invocations
 + Level 1.7 Evocations


You had 8 spell levels left.
You didn't know any spells.
Your spell library was empty.

Dungeon Overview and Level Annotations

Branches:
Dungeon (4/15)
 Temple: D:4-7

Altars:


Innate Abilities, Weirdness & Mutations

Your experience applies equally to all skills.
You have very sharp teeth.
Your uncanny sense of smell can sniff out nearby items.


Message History

There is a stone staircase leading up here.
The killer bee stings you but does no damage.
You block the killer bee's attack. x2; The killer bee completely misses you.
You climb upwards.
There is a stone staircase leading down here.
You closely miss the killer bee.
The killer bee is heavily wounded.
You closely miss the killer bee. The killer bee barely misses you.
The killer bee closely misses you. x2; You block the killer bee's attack.
The killer bee stings you.
* * * LOW HITPOINT WARNING * * *
You are lethally poisoned!
The killer bee poisons you!
The killer bee stings you but does no damage.
It was a potion of magic.
Magic courses through your body.
* * * LOW HITPOINT WARNING * * *
You feel sick. You block the killer bee's attack.
The killer bee barely misses you. The killer bee closely misses you.
The killer bee stings you.
You die...

########
#.........#
#######.### #.#
#.# #.# #.# #.#
##############.###
#@y.............[.
#y#.......###..###
#.#.#.#..####...##
#.#.#.#..###.....#
#.#.............##
#.#.#.#..#####.##
#.#.#.#..# #.#
#........# #.#
###......# ##+##


You could see 2 killer bees.

Vanquished Creatures
  3 killer bees (D:4)
  4 adders
  A shadow imp (D:2)
  An ooze (D:3)
  2 dart slugs
  A leopard gecko (D:1)
  2 orcs (D:3)
  4 bats
  5 giant cockroaches
  9 goblins
  10 hobgoblins
  A jackal (D:3)
  2 ball pythons (D:1)
  A frilled lizard (D:3)
  A jackal skeleton (D:4)
  6 kobolds
  6 rats
59 creatures vanquished.

Notes
Turn   | Place    | Note
-------+----------+-------------------------------------------
     0 | D:1      | pichaelthompson the Gnoll Fighter began the quest for the
                  | Orb.
     0 | D:1      | Reached XP level 1. HP: 23/23 MP: 1/1
    56 | D:1      | Reached XP level 2. HP: 29/29 MP: 2/2
   230 | D:1      | Reached XP level 3. HP: 33/35 MP: 3/3
   612 | D:2      | Reached skill level 1 in Invocations
   644 | D:2      | Reached skill level 1 in Short Blades
   644 | D:2      | Reached skill level 1 in Long Blades
   644 | D:2      | Reached skill level 1 in Maces & Flails
   644 | D:2      | Reached skill level 1 in Polearms
   644 | D:2      | Reached skill level 1 in Staves
   644 | D:2      | Reached skill level 1 in Slings
   644 | D:2      | Reached skill level 1 in Bows
   644 | D:2      | Reached skill level 1 in Crossbows
   644 | D:2      | Reached skill level 1 in Throwing
   644 | D:2      | Reached skill level 1 in Dodging
   644 | D:2      | Reached skill level 1 in Stealth
   644 | D:2      | Reached skill level 1 in Unarmed Combat
   644 | D:2      | Reached skill level 1 in Spellcasting
   644 | D:2      | Reached skill level 1 in Evocations
   728 | D:2      | Reached XP level 4. HP: 41/41 MP: 5/5
  1440 | D:3      | Reached skill level 1 in Conjurations
  1440 | D:3      | Reached skill level 1 in Hexes
  1440 | D:3      | Reached skill level 1 in Charms
  1440 | D:3      | Reached skill level 1 in Summonings
  1440 | D:3      | Reached skill level 1 in Necromancy
  1440 | D:3      | Reached skill level 1 in Translocations
  1440 | D:3      | Reached skill level 1 in Transmutations
  1440 | D:3      | Reached skill level 1 in Fire Magic
  1440 | D:3      | Reached skill level 1 in Ice Magic
  1440 | D:3      | Reached skill level 1 in Air Magic
  1440 | D:3      | Reached skill level 1 in Earth Magic
  1440 | D:3      | Reached skill level 1 in Poison Magic
  2072 | D:4      | Reached XP level 5. HP: 39/47 MP: 5/7
  2087 | D:4      | Reached XP level 6. HP: 30/53 MP: 8/8
  2110 | D:3      | Slain by a killer bee

Illustrated notes

Levels and vault maps discovered:
D:1:      minmay_arrival_three_doors, layout_basic, minmay_box_of_dots
D:2:      layout_basic
D:3:      layout_loops_corners, minmay_distorted
D:4:      layout_rooms, gup_sewer_entry_glass, uniq_natasha

Skill      XL: |  1  2  3  4  5 |
---------------+----------------+-----
Invocations    | 1 2 |  2.0
Short Blades   | 1 |  1.7
Long Blades    | 1 |  1.7
Maces & Flails | 1 |  1.7
Polearms       | 1 |  1.7
Staves         | 1 |  1.7
Slings         | 1 |  1.7
Bows           | 1 |  1.7
Crossbows      | 1 |  1.7
Throwing       | 1 |  1.7
Dodging        | 1 |  1.7
Stealth        | 1 |  1.7
Unarmed Combat | 1 |  1.7
Spellcasting   | 1 |  1.7
Evocations     | 1 |  1.7
Conjurations   | 1 |  1.3
Hexes          | 1 |  1.3
Charms         | 1 |  1.3
Summonings     | 1 |  1.3
Necromancy     | 1 |  1.3
Translocations | 1 |  1.3
Transmutations | 1 |  1.3
Fire Magic     | 1 |  1.3
Ice Magic      | 1 |  1.3
Air Magic      | 1 |  1.3
Earth Magic    | 1 |  1.3
Poison Magic   | 1 |  1.3
Fighting       | |  6.7
Axes           | |  4.9
Armour         | |  6.7
Shields        | |  6.7

Action                   |  1- 3 |  4- 6 || total
-------------------------+-------+-------++-------
Melee: War axe           |    65 |    98 ||   163
       Bite              |     7 |     7 ||    14
  Use: Potion            |       |     1 ||     1
  Eat: Chunk             |       |     3 ||     3
Armor: Scale mail        |    23 |    33 ||    56
Dodge: Dodged            |    15 |    45 ||    60
Block: Kite shield       |    38 |    31 ||    69
       Tower shield      |       |    67 ||    67

Table legend:
 A = Non-vault XP
 B = Vault XP
 C = Vault XP percentage of total XP
 D = Non-vault monster count
 E = Vault monster count
 F = Vault count percentage of total count
                 A         B        C        D         E       F
            +---------+---------+-------+---------+---------+-------
      Total |     344 |       8 |   2.3 |      54 |       5 |   8.5
            +---------+---------+-------+---------+---------+-------
        D:1 |      43 |       6 |  12.2 |      22 |       4 |  15.4
        D:2 |      60 |       0 |   0.0 |      16 |       0 |   0.0
        D:3 |      37 |       2 |   5.1 |      11 |       1 |   8.3
        D:4 |     204 |       0 |   0.0 |       5 |       0 |   0.0
            +---------+---------+-------+---------+---------+-------
